 Dungeon Crawl Stone Soup version 0.30-a0-149-g7f746667c4 (webtiles) character file.

Game seed: 4749848894378999472

14603 zishaf the Party-goer (level 12, -5/67 HPs)
             Began as a Vine Stalker Brigand on Sept 26, 2022.
             Was a Follower of Uskayaw.
             Engulfed by a fire crab's flame (10 damage)
             ... in a Gauntlet.
             The game lasted 00:25:22 (10189 turns).

zishaf the Party-goer (Vine Stalker Brigand)       Turns: 10189, Time: 00:25:22

Health: -5/67      AC:  9    Str: 13    XL:     12   Next: 18%
Magic:  0/21       EV: 16    Int: 11    God:    Uskayaw [*.....]
Gold:   627        SH:  0    Dex: 22    Spells: 11/11 levels left

rFire   . . .      SeeInvis .    a - +2 dagger (venom)
rCold   + . .      Faith    .    (no shield)
rNeg    . . .      Spirit   +    M - +0 steam dragon scales
rPois   +          Reflect  .    u - +1 helmet
rElec   .          Harm     .    c - +0 cloak
rCorr   .          Rampage  .    (no gloves)
Will    +....      NoTele   +    R - +0 pair of boots
Stlth   ++++......               (no amulet)
HPRegen 1.01/turn                F - ring of protection from cold
MPRegen 0.17/turn                r - +4 ring of evasion

@: hasted, very quick
A: fangs 3, regeneration 1, magic shield, antimagic bite, no potion heal 2,
poison resistance, MP-powered wands
a: Renounce Religion, Stomp


You were in a Gauntlet.
You worshipped Uskayaw.
Uskayaw was aware of your devotion.
You visited 3 branches of the dungeon, and saw 13 of its levels.
You also visited: Gauntlet.

You collected 627 gold pieces.

Inventory:

Hand Weapons
 a - a +2 dagger of venom (weapon)
 b - a +2 dagger of speed
 B - a +2 dagger
 I - a +4 short sword of freezing
 K - a +4 falchion of holy wrath
Missiles
 d - 28 poisoned darts (quivered)
 e - 4 curare-tipped darts
 l - 10 javelins
 q - 4 boomerangs
 s - 3 datura-tipped darts
Armour
 c - a +0 cloak (worn)
 u - a +1 helmet (worn)
 z - a +2 robe of cold resistance
 M - +0 steam dragon scales (worn)
 R - a +0 pair of boots (worn)
Jewellery
 p - the ring "Ariuda Iphou" {*Corrode rPois rC+ Int+6}
   (You found it on level 2 of the Dungeon)

   [ring of intelligence]

   Int:       It affects your intelligence (+6).
   rC:        It protects you from cold.
   rPois:     It protects you from poison.
   *Corrode:  It may corrode you when you take damage.
 r - a +4 ring of evasion (right hand)
 t - a +4 ring of evasion
 F - a ring of protection from cold (left hand)
 G - a ring of see invisible
 H - a +6 ring of dexterity
Wands
 f - a wand of light (15)
 j - a wand of roots (12)
 y - a wand of mindburst (32)
 D - a wand of charming (31)
 P - a wand of digging (5)
Scrolls
 h - 2 scrolls of fear
 k - a scroll of identify
 m - 2 scrolls of fog
 n - 5 scrolls of teleportation
 o - 3 scrolls of poison
 w - 2 scrolls of enchant armour
 L - a scroll of silence
 N - a scroll of summoning
 T - 3 scrolls of blinking
Potions
 g - 2 potions of lignification
 i - 10 potions of curing
 v - a potion of attraction
 x - a potion of brilliance
 A - a potion of flight
 C - 3 potions of mutation
 E - a potion of haste
 J - 3 potions of might
 S - a potion of ambrosia
 U - a potion of cancellation
Miscellaneous
 Q - a condenser vane


   Skills:
 + Level 10.0 Fighting
 - Level 8.0(8.2) Short Blades
 - Level 3.1(6.0) Long Blades
 - Level 4.0 Throwing
 - Level 1.0 Dodging
 - Level 8.0 Stealth
 * Level 11.1 Invocations
 - Level 4.0 Evocations


You had 11 spell levels left.
You didn't know any spells.
Your spell library contained the following spells:

 Spells                   Type           Power      Damage    Failure   Level
 Magic Dart               Conj           0%         1d3       34%         1
 Slow                     Hex            0%         N/A       34%         1
 Summon Small Mammal      Summ           0%         N/A       34%         1
 Ensorcelled Hibernation  Hex/Ice        0%         N/A       47%         2
 Searing Ray              Conj           0%         2d4       47%         2
 Call Canine Familiar     Summ           0%         N/A       71%         3
 Confusing Touch          Hex            0%         N/A       71%         3
 Frozen Ramparts          Ice            0%         1d1       71%         3
 Portal Projectile        Hex/Tloc       0%         N/A       71%         3
 Spider Form              Tmut/Pois      0%         N/A       71%         3
 Summon Guardian Golem    Hex/Summ       0%         N/A       71%         3
 Tukima's Dance           Hex            0%         N/A       71%         3
 Vampiric Draining        Necr           0%         2d6       71%         3
 Anguish                  Hex/Necr       0%         N/A       98%         4
 Fulminant Prism          Conj/Hex       0%         3d6       98%         4
 Hailstorm                Conj/Ice       0%         3d3       98%         4
 Ice Form                 Ice/Tmut       0%         N/A       98%         4
 Olgreb's Toxic Radiance  Pois           0%         N/A       98%         4
 Summon Ice Beast         Ice/Summ       0%         N/A       98%         4
 Alistair's Intoxication  Tmut/Pois      0%         N/A       100%        5
 Arcjolt                  Conj/Air       0%         1d10      100%        5
 Blade Hands              Tmut           0%         N/A       100%        5
 Borgnjor's Vile Clutch   Necr/Erth      0%         N/A       100%        5
 Iskenderun's Battlesphe  Conj           0%         2d6       100%        5
 Eringya's Noxious Bog    Tmut/Pois      0%         N/A       100%        6
 Iron Shot                Conj/Erth      0%         9d1       100%        6
 Simulacrum               Ice/Necr       0%         N/A       100%        6
 Ozocubu's Refrigeration  Ice            0%         4d7       100%        7
 Spellforged Servitor     Conj/Summ      0%         N/A       100%        7
 Ignition                 Fire           0%         3d3       100%        8


Dungeon Overview and Level Annotations

Branches:
Dungeon (11/15)            Temple (1/1) D:5            Lair (1/5) D:8
Gauntlet (1/1)
    Orc: D:9-12

Altars:
Ashenzari
Cheibriados
Dithmenos
Elyvilon
Fedhas
Gozag
Hepliaklqana
Kikubaaqudgha
Makhleb
Nemelex Xobeh
Okawaru
Qazlal
Ru
Sif Muna
Trog
Uskayaw
Vehumet
Wu Jian
Xom
Yredelemnul
Zin
The Shining One

Shops:
D:7 !

Annotations:
D:3 exclusion: downstairs
D:7 5 runed translucent doors Gauntlet 10 transporters, exclusion: obsidian statue


Innate Abilities, Weirdness & Mutations

You have razor-sharp teeth.
Your natural rate of healing is unusually fast.
When hurt, damage is shared between your health and your magic reserves.
Your bite disrupts and absorbs the magic of your enemies.
Potions cannot restore your health.
Your system is resistant to poisons. (rPois)
You expend magic power (3 MP) to strengthen your wands.


Message History

The fire bat bites you but does no damage.
The fire bat bites you.
You are engulfed in flames.
The fire bat bites you but does no damage.
The fire crab breathes flames at you. The blast of flame engulfs you.
Found a transporter.
You are engulfed in blazing flames.
The fire crab breathes flames at you. The blast of flame misses you.
Found 22 gold pieces.
You are engulfed in blazing flames.
The fire bat barely misses you.
The fire bat bites you but does no damage.
You are engulfed in blazing flames.
* * * LOW HITPOINT WARNING * * *
The fire bat attacks as you move away! The fire bat barely misses you. x2
You hit the fire bat.
The fire bat is poisoned.
You bite the fire bat. You drain its power.
You feel invigorated.
The fire bat is lightly wounded.
The fire bat bites you but does no damage.
You feel yourself speed up. The fire bat bites you.
* * * LOW HITPOINT WARNING * * *
You are engulfed in flames.
* * * LOW HITPOINT WARNING * * *
The fire bat barely misses you. The fire bat misses you.
You barely miss the fire bat. The fire bat misses you.
The hell hound barks!
You hit the fire bat.
The fire bat is poisoned.
You bite the fire bat. You drain its power.
You feel invigorated.
The fire bat is lightly wounded.
The fire bat misses you. The fire bat bites you.
* * * LOW HITPOINT WARNING * * *
You are engulfed in flames!
* * * LOW HITPOINT WARNING * * *
The fire bat bites you but does no damage.
The fire crab breathes flames at you.
The blast of flame engulfs the fire bat.
The fire bat completely resists.
You see here a scroll of fog.
The fire bat attacks as you move away! The fire bat barely misses you.
You are engulfed in blazing flames.
You die...

####...P..♣.#...#...#.♣.≈#
#≈≈..P..P...#.#.#.#?#...≈≈
#≈..♣.♣P♣.###.#.#b#!#...≈#
####.........#©#.##©##©#...##
#≈≈..#########.#h#h#b#h#.♣.≈#
#≈...#.......#.#b#.#h#b#...≈≈
####....#.b##°.##.#h..#hhb#...≈#
#≈≈...###.##°°###.#########.P.##
#≈..♣.#©###°b##@#©#.........♣.≈#
##.....#.##.°##○○#.#########...≈≈
≈..♣PP.#.#..##b○○#.#...©##[#...≈#
..P.PP.#.#..tb○○○#.##..##?.#.P.##
.♣PPP♣.#.#########.###.#..}#.♣..#
.......#.#.......#©#.##.##©#.P...
########.#..P♣...###...#.###..P♣.
.......#.#..PPPP...#.8##..##...P.
..####.#.#.#≈#≈#P..#.##....#.....


You could see an obsidian statue, a hell hog, a fire crab, 2 hell hounds and 3
fire bats.

Vanquished Creatures
  Gastronok (D:8)
  Erolcha (D:10)
  2 two-headed ogres
  Amaemon (D:9)
  A necromancer (Gauntlet)
  Pikel (D:4)
  A manticore (D:11)
  An elephant (D:8)
  2 cane toads (Lair:1)
  A gargoyle (D:11)
  An orange demon (D:9)
  A komodo dragon (Lair:1)
  Maggie (D:7)
  A troll (D:9)
  Grinder (D:3)
  A hornet (D:8)
  Sigmund (D:3)
  2 shadows
  8 yaks
  3 wyverns
  A steam dragon (D:7)
  3 basilisks
  A water moccasin (D:9)
  An acid dragon (D:11)
  2 orc warriors
  2 ice beasts
  2 sky beasts (D:7)
  A black bear (D:6)
  8 wolves
  3 ogres
  A phantom (D:6)
  2 centaurs
  A lemure (D:4)
  3 kobold brigands
  2 gnoll sergeants (D:7)
  2 bullfrogs
  3 scorpions
  5 wights (D:6)
  9 killer bees
  4 howler monkeys
  6 orc priests
  A jelly (D:7)
  8 hounds
  2 gnoll boudas
  Jessica (D:2)
  8 orc wizards
  Ijyb (D:3)
  6 iguanas
  Robin (D:2)
  23 gnolls
  10 adders
  A shadow imp (D:6)
  3 white imps
  3 ufetubi
  2 worms (D:2)
  A dart slug (D:1)
  16 orcs
  7 ball pythons
  8 endoplasms
  5 giant cockroaches
  16 goblins
  6 hobgoblins
  3 jackals (D:7)
  4 quokkas
  A bat (D:3)
  3 frilled lizards
  18 kobolds
  4 rats
256 creatures vanquished.

Vanquished Creatures (collateral kills)
  A goblin (D:2)
  4 hobgoblins (D:2)
  A frilled lizard (D:2)
6 creatures vanquished.

Vanquished Creatures (others)
  A demonic plant (Gauntlet)
  3 fungi
  17 plants
21 creatures vanquished.

Grand Total: 283 creatures vanquished

Notes
Turn   | Place    | Note
-------+----------+-------------------------------------------
     0 | D:1      | zishaf the Vine Stalker Brigand began the quest for the
                  | Orb.
     0 | D:1      | Reached XP level 1. HP: 11/11 MP: 2/2
   273 | D:1      | Reached skill level 1 in Dodging
   273 | D:1      | Reached XP level 2. HP: 15/15 MP: 3/3
   341 | D:1      | Reached skill level 5 in Stealth
   486 | D:1      | Found a faded altar of an unknown god.
   738 | D:1      | Reached XP level 3. HP: 18/18 MP: 4/4
  1360 | D:2      | Noticed Jessica
  1368 | D:2      | Killed Jessica
  1369 | D:2      | Gained mutation: Your natural rate of healing is unusually
                  | fast. [Vine Stalker growth]
  1369 | D:2      | Reached XP level 4. HP: 23/23 MP: 5/5
  1401 | D:2      | Noticed an ogre
  1420 | D:2      | Killed an ogre
  1421 | D:2      | Reached XP level 5. HP: 28/28 MP: 6/6
  1456 | D:2      | Identified the ring "Ariuda Iphou" {*Corrode rPois rC+
                  | Int+6}
  1849 | D:2      | Noticed Robin
  1876 | D:2      | Killed Robin
  2312 | D:3      | Noticed Grinder
  2322 | D:3      | Killed Grinder
  2323 | D:3      | Reached XP level 6. HP: 17/33 MP: 4/7
  2420 | D:3      | Noticed Sigmund
  2451 | D:3      | Killed Sigmund
  2452 | D:3      | Reached XP level 7. HP: 16/38 MP: 6/8
  2689 | D:3      | Noticed Ijyb
  2702 | D:3      | Killed Ijyb
  3079 | D:4      | Noticed Pikel
  3156 | D:3      | Reached skill level 5 in Fighting
  3156 | D:3      | Reached skill level 5 in Short Blades
  3322 | D:4      | Gained mutation: You have razor-sharp teeth. [Vine Stalker
                  | growth]
  3322 | D:4      | Reached XP level 8. HP: 43/43 MP: 9/9
  3380 | D:4      | Killed Pikel
  3646 | D:4      | Reached skill level 1 in Evocations
  3832 | D:5      | Entered Level 5 of the Dungeon
  4065 | D:5      | Reached XP level 9. HP: 49/49 MP: 10/10
  4080 | D:5      | Found a staircase to the Ecumenical Temple.
  4090 | Temple   | Entered the Ecumenical Temple
  4186 | Temple   | Became a worshipper of Uskayaw the Reveller
  4282 | D:5      | Reached * piety under Uskayaw
  4298 | D:5      | Reached ** piety under Uskayaw
  4502 | D:6      | Reached skill level 1 in Invocations
  4575 | D:6      | Found a broken altar of Ashenzari.
  4610 | D:6      | Reached skill level 2 in Invocations
  4892 | D:6      | Reached *** piety under Uskayaw
  4895 | D:6      | Reached **** piety under Uskayaw
  4896 | D:6      | Reached skill level 3 in Invocations
  5221 | D:6      | Found an iron altar of Okawaru.
  5223 | D:6      | Found a glowing silver altar of Zin.
  5431 | D:7      | Found Puahewos's Distillery.
  5469 | D:7      | Reached skill level 4 in Invocations
  5567 | D:7      | Noticed Maggie
  5581 | D:7      | Killed Maggie
  5626 | D:7      | Reached XP level 10. HP: 12/55 MP: 7/14
  5777 | D:7      | Reached skill level 5 in Invocations
  5802 | D:7      | Found a runed translucent gate.
  5804 | D:7      | Found a runed translucent gate.
  5804 | D:7      | Found a runed translucent gate.
  5813 | D:7      | Found a runed translucent door.
  5820 | D:7      | Found the +9 staff of Olgreb {rPois∞}
  5825 | D:7      | Found a runed translucent door.
  6367 | D:8      | Noticed a two-headed ogre
  6417 | D:8      | Killed a two-headed ogre
  6418 | D:8      | Reached skill level 6 in Invocations
  6593 | D:8      | Noticed an elephant
  6622 | D:8      | Killed an elephant
  6786 | D:8      | Found a staircase to the Lair.
  6932 | D:8      | Reached skill level 7 in Invocations
  6998 | D:8      | Noticed Gastronok
  7028 | D:8      | Killed Gastronok
  7029 | D:8      | Reached skill level 1 in Long Blades
  7029 | D:8      | Reached skill level 8 in Invocations
  7029 | D:8      | Reached XP level 11. HP: 60/60 MP: 16/18
  7784 | D:9      | Noticed Amaemon
  7820 | D:9      | Killed Amaemon
  7983 | D:9      | Reached ***** piety under Uskayaw
  8450 | D:9      | Reached skill level 9 in Invocations
  8562 | D:10     | Entered Level 10 of the Dungeon
  8580 | D:10     | Noticed Erolcha
  8597 | D:10     | Killed Erolcha
  8730 | D:10     | Gained mutation: Your system is resistant to poisons.
                  | (rPois) [potion of mutation]
  8730 | D:10     | Gained mutation: You expend magic power (3 MP) to
                  | strengthen your wands. [potion of mutation]
  8815 | D:10     | Found a blossoming altar of Fedhas.
  8900 | D:10     | Found a stormy altar of Qazlal.
  9206 | D:10     | Noticed a two-headed ogre
  9236 | D:10     | Killed a two-headed ogre
  9609 | D:11     | Noticed a manticore
  9615 | D:11     | Killed a manticore
  9616 | D:11     | Reached skill level 10 in Invocations
  9668 | D:11     | Noticed a cyan ugly thing
  9818 | Lair:1   | Entered Level 1 of the Lair of Beasts
  9846 | Lair:1   | Reached XP level 12. HP: 67/67 MP: 20/20
  9940 | Lair:1   | Found a gate leading to a gauntlet.
  9949 | Gauntlet | Entered a Gauntlet
  9949 | Gauntlet | Found a transporter.
  9956 | Gauntlet | Found a transporter.
  9958 | Gauntlet | Found a transporter.
  9975 | Gauntlet | Found a transporter.
  9981 | Gauntlet | Noticed a hell hog
  9982 | Gauntlet | Found a transporter.
  9985 | Gauntlet | Found a transporter.
 10002 | Gauntlet | Found a transporter.
 10012 | Gauntlet | Found a transporter.
 10013 | Gauntlet | Noticed a cacodemon
 10022 | Gauntlet | Found a transporter.
 10036 | Gauntlet | Found a transporter.
 10045 | Gauntlet | Found a transporter.
 10048 | Gauntlet | Found a transporter.
 10103 | Gauntlet | Reached skill level 11 in Invocations
 10116 | Gauntlet | Reached skill level 10 in Fighting
 10180 | Gauntlet | Found a transporter.
 10189 | Gauntlet | Engulfed by a fire crab's flame

Illustrated notes

Levels and vault maps discovered:
D:1:      dpeg_arrival_morbid_curiosity, layout_loops_ring,
          shapermc_ecumenical_altar_starsandcircs, minmay_pentomino_u2
D:2:      layout_basic, uniq_jessica, uniq_robin
D:3:      layout_basic, uniq_ijyb, uniq_grinder, uniq_sigmund
D:4:      layout_rooms, uniq_pikel
D:5:      layout_rooms, minmay_temple_entry_butterflies, chequers_garden
D:6:      layout_loops_ring, nicolae_overflow_hidden_temple,
          mainiacjoe_overflow_paths
D:7:      layout_cave_pools, serial_shops, nicolae_shop_hallway_plus,
          serial_gnoll_camp, gnoll_camp_mini_hut, gnoll_camp_mini_doghouse,
          gnoll_camp_mini_sergeant, gnoll_camp_medium_01, gnoll_camp_mini_hut,
          gnoll_camp_mini_loothouse, minmay_guarded_unrand_staff_of_olgreb,
          uniq_maggie
D:8:      layout_basic, david_lair_generic, serial_co_window_serial,
          co_window_corner_a, co_window_paths_a, co_window_of_opportunity_a,
          co_window_of_opportunity_a, co_window_paths_a, co_window_corner_b,
          co_window_corner_cb, co_window_cross_3, uniq_gastronok
D:9:      layout_stronghold, bh_walls_and_bars, uniq_amaemon
D:10:     layout_basic, general_overflow_altar, fedhas_ov_isle_minmay,
          kennysheep_small_spiral, serial_bayou_ford_a, uniq_erolcha
D:11:     minmay_the_grid_triangle_9x9_recursive_3_mashed
          [minmay_the_grid_triangle_9x9_sprig,
          minmay_the_grid_triangle_9x9_cache,
          minmay_the_grid_triangle_9x9_shrine,
          minmay_the_grid_triangle_9x9_prize_insulated,
          minmay_the_grid_triangle_9x9_limited_checkers,
          minmay_the_grid_triangle_9x9_empty,
          minmay_the_grid_triangle_9x9_intruding_spiral,
          minmay_the_grid_triangle_9x9_tough_junction,
          minmay_the_grid_triangle_9x9_negative_grid], layout_basic,
          lemuel_blue_sif_altar, uniq_erica, uniq_josephine
Temple:   minmay_temple_bridge_d
Lair:1:   layout_chaotic_city, gauntlet_entry_generic, grunt_megastairs_5
Gauntlet: minmay_gauntlet_77_tree [minmay_gauntlet_arena_77_hold_the_fort,
          minmay_gauntlet_arena_77_braids, minmay_gauntlet_arena_77_two_lines,
          minmay_gauntlet_arena_77_terracotta_army,
          minmay_gauntlet_arena_77_double_cross, minmay_gauntlet_arena_77_fan,
          minmay_gauntlet_arena_77_two_paths, gauntlet_exit_watery]

Skill      XL: |  1  2  3  4  5  6  7  8  9 10 11 12 |
---------------+-------------------------------------+-----
Dodging        | 1 |  1.0
Fighting       | 2 3 4 5 6 7 8 9 10 | 10.0
Throwing       | 2 3 4 |  4.0
Stealth        | 5 8 |  8.0
Short Blades   | 2 3 4 5 6 7 8 |  8.0
Evocations     | 2 3 4 |  4.0
Invocations    | 4 8 10 11 | 11.1
Long Blades    | 1 3 |  3.1

Action                   |  1- 3 |  4- 6 |  7- 9 | 10-12 || total
-------------------------+-------+-------+-------+-------++-------
Melee: Dagger            |    58 |   121 |   326 |   533 ||  1038
       Bite              |    14 |    40 |   112 |   196 ||   362
       Punch             |       |     1 |     3 |     6 ||    10
Throw: Dart              |       |     9 |    10 |    21 ||    40
       Javelin           |       |       |     2 |       ||     2
Evoke: Wand              |       |       |       |     6 ||     6
  Use: Scroll            |       |       |    19 |     7 ||    26
       Potion            |       |       |       |     4 ||     4
 Stab: Sleeping          |     9 |     4 |    11 |    10 ||    34
       Distracted        |       |     1 |     2 |     1 ||     4
       Paralysed         |       |       |     5 |    21 ||    26
       Invisible         |       |       |       |     1 ||     1
Armor: Robe              |     7 |       |    55 |       ||    62
       Ring mail         |     3 |    18 |       |       ||    21
       Animal skin       |       |     4 |       |       ||     4
       Steam dragon scal |       |       |     4 |   102 ||   106
Dodge: Dodged            |    16 |    34 |   188 |   305 ||   543

Table legend: (Time is in decaauts)
 A = Elapsed time spent in this place.
 B = Non-inter-level travel time spent in this place.
 C = Inter-level travel time spent in this place.
 D = Time resting spent in this place.
 E = Time spent auto-exploring this place.
 F = Levels seen in this place.
 G = Mean time per level.
                   A        B        C        D        E       F      G
               +--------+--------+--------+--------+--------+-----+--------+
         Total |   9854 |   9308 |    546 |    214 |   6593 |  14 |  703.9 |
       Dungeon |   9357 |   8910 |    447 |    214 |   6532 |  11 |  850.6 |
        Temple |    169 |     70 |     99 |      0 |     61 |   1 |  169.0 |
          Lair |    103 |    103 |      0 |      0 |      0 |   1 |  103.0 |
      Gauntlet |    223 |    223 |      0 |      0 |      0 |   1 |  223.0 |
               +--------+--------+--------+--------+--------+-----+--------+

Top non-repeatable levels by time:
     D:1: 1350 daAuts
     D:9: 1175 daAuts
     D:8: 1035 daAuts
    D:10: 980 daAuts
     D:3: 959 daAuts
     D:7: 932 daAuts
     D:6: 816 daAuts
     D:2: 806 daAuts
     D:4: 652 daAuts
     D:5: 478 daAuts
Gauntlet: 223 daAuts
  Temple: 169 daAuts
    D:11: 168 daAuts
  Lair:1: 103 daAuts
